 Dungeon Crawl Stone Soup version 0.24-a0-640-ge7cd8ce796 (console) character file.

Game seed: 2319313994640265210, levelgen mode: deterministic

711 timeslip1974 the Slinger (level 8, -2/52 HPs)
             Began as a Halfling Hunter on Sept 24, 2019.
             Killed by divine providence
             ... invoked by an orc priest
              (15 damage)
             ... on level 6 of the Dungeon.
             The game lasted 00:28:04 (1909 turns).

timeslip1974 the Slinger (Halfling Hunter)          Turns: 1909, Time: 00:28:04

Health: -2/52      AC:  4    Str: 13    XL:     8   Next: 0%
Magic:  8/8        EV: 15    Int:  9    God:
Gold:   198        SH:  2    Dex: 17    Spells: 7/7 levels left

rFire    + + .     SeeInvis .   a - +3 hunting sling
rCold    x . .     Gourm    .   (shield restricted)
rNeg     . . .     Faith    .   i - +1 leather armour {rF+}
rPois    .         Spirit   .   (no helmet)
rElec    .         Reflect  +   (no cloak)
rCorr    .         Harm     .   (no gloves)
MR       .....                  (no boots)
Stlth    ++........             h - +2 amulet of reflection
HPRegen  0.17/turn              p - ring of fire
MPRegen  0.11/turn              (no ring)

@: no status effects
A: small, mutation resistance 1
a: no special abilities


You were on level 6 of the Dungeon.
You were not hungry.

You visited 1 branch of the dungeon, and saw 6 of its levels.

You collected 198 gold pieces.

Inventory:

Hand Weapons
 a - a +3 hunting sling (weapon)
 b - a +0 short sword
 m - a +1 dagger of freezing
Missiles
 c - 4 boomerangs
 g - 94 stones (quivered)
 j - 27 poisoned darts
 o - 3 atropa-tipped darts
Armour
 i - a +1 leather armour of fire resistance (worn)
Jewellery
 h - a +2 amulet of reflection (around neck)
 p - a ring of fire (left hand)
Scrolls
 e - a scroll of teleportation
 k - 2 scrolls of identify
 n - 2 scrolls of remove curse
Potions
 l - 2 potions of curing
Comestibles
 f - 2 rations


   Skills:
 + Level 3.3 Fighting
 + Level 11.4 Slings
 + Level 1.1 Armour
 + Level 3.1 Dodging
 + Level 1.2 Stealth


You had 7 spell levels left.
You didn't know any spells.
Your spell library was empty.

Dungeon Overview and Level Annotations

Branches:
Dungeon (6/15)
 Temple: D:4-7

Altars:
Fedhas

Annotations:
D:5 Edmund


Innate Abilities, Weirdness & Mutations

You are small and have problems with some larger weapons.
You are somewhat resistant to further mutation.


Message History

You have reached level 8!
You feel a bit more experienced.
Firing (i - inventory. (/) - cycle)
g - 97 stones (quivered)
Press: ? - help, Shift-Dir - straight line, f/p - orc warrior
Aim: an orc warrior, wielding a +0 short sword and wearing a +0 chain mail You shoot a stone.
The stone hits the orc warrior.
The orc warrior is lightly wounded.
Firing (i - inventory. (/) - cycle)
g - 96 stones (quivered)
Press: ? - help, Shift-Dir - straight line, f/p - orc warrior
Aim: an orc warrior, wielding a +0 short sword and wearing a +0 chain mail (lightly wounded)
You shoot a stone. The stone hits the orc warrior.
The orc warrior is moderately wounded.
Firing (i - inventory. (/) - cycle)
g - 95 stones (quivered)
Press: ? - help, Shift-Dir - straight line, f/p - orc warrior
Aim: an orc warrior, wielding a +0 short sword and wearing a +0 chain mail (moderately wounded)
You shoot a stone.
The stone closely misses the orc warrior.
The orc priest mumbles some strange prayers to Beogh against you.
Beogh smites you!
You die...

##.....##..##
#....(.....(###
#.....#..(....#
#..(...##...o...?
##.#.($##..(..###
# ##(.##.##o##
#(o##.# #..
#o(##.. o..
#@.##.. .(.
#..##.. .( #....
#.....# #......#
......z#
.........
#......#.


You could see an orc warrior, a wight and an orc priest.

Vanquished Creatures
  An orc warrior (D:5)
  A phantom (D:4)
  2 ogres (D:4)
  A howler monkey (D:4)
  A hound (D:5)
  An orc priest (D:5)
  3 orc wizards
  A bullfrog skeleton (D:6)
  2 worker ants
  A worker ant zombie (D:5)
  3 adders
  An ooze (D:1)
  2 dart slugs
  2 leopard geckos (D:4)
  6 orcs (D:5)
  4 giant cockroaches
  4 goblins
  3 hobgoblins
  7 jackals
  6 kobolds
  A quokka (D:5)
  5 bats
  3 frilled lizards
  A quokka skeleton (D:5)
  3 rats
65 creatures vanquished.

Notes
Turn   | Place    | Note
-------+----------+-------------------------------------------
     0 | D:1      | timeslip1974 the Halfling Hunter began the quest for the
                  | Orb.
     0 | D:1      | Reached XP level 1. HP: 14/14 MP: 1/1
    50 | D:1      | Reached skill level 6 in Slings
    87 | D:1      | Reached XP level 2. HP: 19/19 MP: 2/2
   407 | D:2      | Reached XP level 3. HP: 24/24 MP: 3/3
   454 | D:2      | Reached skill level 7 in Slings
   781 | D:2      | Found a blossoming altar of Fedhas.
   863 | D:2      | Reached XP level 4. HP: 29/29 MP: 4/4
  1044 | D:4      | Noticed an ogre
  1054 | D:4      | Killed an ogre
  1054 | D:4      | Reached skill level 8 in Slings
  1054 | D:4      | Reached XP level 5. HP: 32/35 MP: 5/5
  1174 | D:4      | Noticed an ogre
  1180 | D:4      | Killed an ogre
  1180 | D:4      | Reached skill level 9 in Slings
  1180 | D:4      | Reached XP level 6. HP: 41/41 MP: 6/6
  1235 | D:4      | Noticed a phantom
  1260 | D:4      | Killed a phantom
  1260 | D:4      | Reached skill level 10 in Slings
  1260 | D:4      | Reached skill level 1 in Armour
  1260 | D:4      | Reached XP level 7. HP: 46/46 MP: 7/7
  1430 | D:5      | Entered Level 5 of the Dungeon
  1746 | D:5      | Reached skill level 11 in Slings
  1800 | D:5      | Noticed Edmund
  1878 | D:5      | You fall into a shaft and drop 1 floor!
  1906 | D:6      | Reached XP level 8. HP: 13/52 MP: 8/8
  1909 | D:6      | Killed from afar by an orc priest

Levels and vault maps discovered:
D:1:      minmay_arrival_glassed_features, layout_loops_ring
D:2:      layout_basic, lemuel_round_altar, first_ration,
          hangedman_abyss_or_decor_lesser_grid
D:3:      layout_basic
D:4:      layout_basic
D:5:      minmay_opposing_rooms, layout_layer_cave, guppyfry_early_orc_mine,
          uniq_edmund
D:6:      layout_cave_pools, minmay_temple_entry_proselytizer,
          uniq_crazy_yiuf_cottage

Skill      XL: |  1  2  3  4  5  6  7 |
---------------+----------------------+-----
Slings         | 6 7 8 9 10 11 | 11.4
Fighting       | 2 3 |  3.3
Armour         | 1 |  1.1
Dodging        | 3 |  3.1
Stealth        | |  1.2

Action                   |  1- 3 |  4- 6 |  7- 9 || total
-------------------------+-------+-------+-------++-------
 Fire: Hunting sling     |    54 |    54 |   118 ||   226
  Use: Scroll            |     6 |     2 |     2 ||    10
       Potion            |     4 |       |     1 ||     5
  Eat: Ration            |       |       |     1 ||     1
Armor: Leather armour    |     4 |     1 |     6 ||    11
Dodge: Dodged            |    17 |     9 |    44 ||    70
Block: Other             |     2 |       |     4 ||     6
       Reflection        |     1 |       |       ||     1

Table legend:
 A = Non-vault XP
 B = Vault XP
 C = Vault XP percentage of total XP
 D = Non-vault monster count
 E = Vault monster count
 F = Vault count percentage of total count
                 A         B        C        D         E       F
            +---------+---------+-------+---------+---------+-------
      Total |     794 |     223 |  21.9 |      58 |       7 |  10.8
            +---------+---------+-------+---------+---------+-------
        D:1 |      27 |       0 |   0.0 |      13 |       0 |   0.0
        D:2 |      43 |       0 |   0.0 |      11 |       0 |   0.0
        D:3 |      19 |       0 |   0.0 |      11 |       0 |   0.0
        D:4 |     477 |       0 |   0.0 |       9 |       0 |   0.0
        D:5 |     148 |     223 |  60.1 |       9 |       7 |  43.8
        D:6 |      80 |       0 |   0.0 |       5 |       0 |   0.0
            +---------+---------+-------+---------+---------+-------
